 Dungeon Crawl Stone Soup version 0.27-a0-328-g7f782ed93a (webtiles) character file.

Game seed: 2485220383083316328

47 CurlyBrace the Caller (level 3, -11/16 HPs)
             Began as a Felid Summoner on Feb 11, 2021.
             Mangled by an orc
             ... wielding a +0 hand axe of electrocution
              (20 damage)
             ... on level 4 of the Dungeon.
             The game lasted 00:05:49 (300 turns).

CurlyBrace the Caller (Felid Summoner)               Turns: 300, Time: 00:05:50

Health: -11/16     AC:  1    Str:  5    XL:     3   Next: 48%
Magic:  7/7        EV: 18    Int: 16    God:
Gold:   22         SH:  0    Dex: 16    Spells: 5/6 levels left
                                        Lives:  0   Deaths: 0

rFire    . . .     SeeInvis +     - Unarmed
rCold    . . .     Faith    .   (shield unavailable)
rNeg     . . .     Spirit   .   (armour unavailable)
rPois    .         Reflect  .   (helmet unavailable)
rElec    .         Harm     .   (cloak unavailable)
rCorr    .         Rampage  .   (gloves unavailable)
Will     .....                  (boots unavailable)
Stlth    +++.......             (no amulet)
HPRegen  0.05/turn              (no ring)
MPRegen  0.10/turn              (no ring)

@: very slightly contaminated, invisible, quick
A: very small, no armour, no weapons or thrown items, stealth, claws 1, fangs 3,
see invisible, speed 1, shaggy fur 1, sharp paws
a: no special abilities


You were on level 4 of the Dungeon.
You visited 1 branch of the dungeon, and saw 6 of its levels.

You collected 22 gold pieces.

Inventory:

Scrolls
 b - a scroll of fear {unknown}


   Skills:
 * Level 1.9 Fighting
 - Level 3.0 Dodging
 - Level 3.0 Stealth
 - Level 2.0 Unarmed Combat
 - Level 2.0 Spellcasting
 - Level 4.0 Summonings


You had 5 spell levels left.
You knew the following spells:

 Your Spells              Type           Power        Failure   Level
a - Summon Small Mammal   Summ           56%          4%          1

Your spell library contained the following spells:

 Spells                   Type           Power        Failure   Level
 Call Imp                 Summ           14%          6%          2
 Call Canine Familiar     Summ           14%          12%         3
 Summon Guardian Golem    Hex/Summ       8%           26%         3
 Summon Ice Beast         Ice/Summ       8%           65%         4
 Summon Lightning Spire   Summ/Air       8%           65%         4


Dungeon Overview and Level Annotations

Branches:
Dungeon (6/15)
 Temple: D:4-7

Altars:
Nemelex Xobeh
Zin
Lugonu

Portals:
Abyss: D:4

Annotations:
D:3 POG STAIRS, exclusion: upstairs
D:4 POG STAIRS 2, exclusions: downstairs and scorpion


Innate Abilities, Weirdness & Mutations

You cannot wear armour.
You are incapable of wielding weapons or throwing items.
Your paws allow you to move quietly. (Stealth)
You have sharp claws.
You have razor-sharp teeth.
You have supernaturally acute eyesight. (SInv)
You cover ground quickly.
You are covered in fur. (AC +1)
Your sharp claws are effective at attacking unaware monsters.


Message History

Your quokka dies!
Your quokka's corpse disappears in a puff of smoke!
You catch the helpless orc wizard completely off-guard!
You claw the orc wizard! Your bite misses the orc wizard.
The orc wizard is severely wounded.
You flicker back into view.
The orc wizard misses you. The orc wizard casts a spell at you.
You are confused.
Okay, then.
You are too confused!
Unknown command.
You fade into invisibility!
You barely miss the orc wizard. You bite the orc wizard.
The orc wizard is almost dead.
The orc wizard misses you.
You bump into the stone wall.
The orc wizard misses you.
You bump into the stone wall.
The orc wizard hits you with a +0 dagger.
You bump into the stone wall.
You feel less confused. The orc wizard closely misses you.
You scratch the orc wizard.
You kill the orc wizard!
Training target 2.0 for Unarmed Combat reached!
Your Unarmed Combat skill increases to level 2!
You have reached level 3!
Your experience leads to an increase in your attributes!
Increase (S)trength, (I)ntelligence, or (D)exterity?
You feel stronger.
You scratch the orc but do no damage. You scratch the orc.
The orc is lightly wounded.
The orc misses you.
You scratch the orc. Your bite misses the orc.
The orc is moderately wounded.
The orc hits you with a +0 hand axe of electrocution.
You are electrocuted!!
Ouch! That really hurt!
You die...

..... ............# .##
....s. ##..###.#..##..
......##......#.#..s....
.......#§§._s.##.#.####.
. #)#∩§#..#....#
....#§.##.##.....#
#...w##..#.#..#
###.#o#...#.###
####@..###.# #...### ##
#.#... ##...#. #######


You could see a scorpion (wandering), a dart slug and an orc.

Vanquished Creatures
  An orc wizard (D:4)
  An adder (D:4)
  A giant cockroach (D:4)
  2 hobgoblins
  3 bats
  2 frilled lizards
  2 kobolds
  A leopard gecko skeleton (D:3)
  A lurking horror (D:4)
14 creatures vanquished.

Vanquished Creatures (collateral kills)
  A giant cockroach (D:2)
  A hobgoblin (D:1)
2 creatures vanquished.

Vanquished Creatures (others)
  An orc (D:4)
1 creature vanquished.

Grand Total: 17 creatures vanquished

Notes
Turn   | Place    | Note
-------+----------+-------------------------------------------
     0 | D:1      | CurlyBrace the Felid Summoner began the quest for the Orb.
     0 | D:1      | Reached XP level 1. HP: 7/7 MP: 4/4
    89 | D:2      | Noticed a worker ant
   175 | D:3      | Found a sparkling altar of Nemelex Xobeh.
   186 | D:2      | Noticed an ogre
   191 | D:3      | Reached XP level 2. HP: 12/12 MP: 6/6
   209 | D:3      | Reached skill level 1 in Unarmed Combat
   220 | D:5      | Entered Level 5 of the Dungeon
   220 | D:5      | Noticed an ogre
   230 | D:6      | Found a glowing silver altar of Zin.
   250 | D:4      | Noticed a scorpion
   251 | D:4      | Found a corrupted altar of Lugonu.
   251 | D:4      | Found a one-way gate to the infinite horrors of the Abyss.
   254 | D:4      | Reached skill level 1 in Fighting
   298 | D:4      | Reached XP level 3. HP: 10/16 MP: 7/7
   300 | D:4      | Mangled by an orc

Illustrated notes

Levels and vault maps discovered:
D:1:      minmay_arrival_cross, layout_basic, kennysheep_small_spiral
D:2:      layout_basic
D:3:      layout_basic, nemelex_xobeh_ov_fountains_minmay, serial_undead,
          serial_undead_c, serial_undead_b, serial_undead_d, serial_undead_b,
          serial_undead_a, serial_undead_f, serial_undead_a, grunt_ministairs_2
D:4:      layout_rooms, amcnicky_altar_lugonu_corruption
D:5:      layout_rooms, uniq_eustachio
D:6:      layout_cave_pods, dancing_weapons_uskayaw,
          nicolae_qazlal_general_emergency,
          chequers_temple_overflow_statue_of_worship, kennysheep_mini_moat,
          nicolae_overflow_crystal_walls, minmay_temple_entry_butterflies,
          serial_shops, shop, nicolae_shop_behind_doors, serial_glass,
          glass_columns_c, glass_columns_a, glass_columns_b, glass_columns_c,
          minmay_strange_pillars, due_unseen_surprise, uniq_grinder

Skill      XL: |  1  2 |
---------------+-------+-----
Stealth        | 3 |  3.0
Unarmed Combat | 2 |  2.0
Fighting       | 1 |  1.9
Dodging        | 3 |  3.0
Spellcasting   | |  2.0
Summonings     | |  4.0

Action                   || total
-------------------------++-------
Melee: Unarmed           ||    41
       Bite              ||     2
 Cast: Summon Small Mamm ||     5
  Use: Scroll            ||     1
       Potion            ||     2
 Stab: Sleeping          ||     6
       Invisible         ||     2
Armor: Skin              ||     2
Dodge: Dodged            ||    29

Table legend: (Time is in decaauts)
 A = Elapsed time spent in this place.
 B = Non-inter-level travel time spent in this place.
 C = Inter-level travel time spent in this place.
 D = Time resting spent in this place.
 E = Time spent auto-exploring this place.
 F = Levels seen in this place.
 G = Mean time per level.
                   A        B        C        D        E       F      G
               +--------+--------+--------+--------+--------+-----+--------+
         Total |    259 |    259 |      0 |      0 |      0 |   6 |   43.2 |
       Dungeon |    259 |    259 |      0 |      0 |      0 |   6 |   43.2 |
               +--------+--------+--------+--------+--------+-----+--------+

Top non-repeatable levels by time:
     D:2: 85 daAuts
     D:3: 51 daAuts
     D:4: 49 daAuts
     D:1: 48 daAuts
     D:6: 17 daAuts
     D:5: 5 daAuts
